 Dungeon Crawl Stone Soup version 0.27.0-1-g7a089689b8 (webtiles) character file.

Game seed: 242887154623146004

13267 raph the Frost Mage (level 12, -5/86 HPs)
             Began as a Merfolk Ice Elementalist on July 31, 2021.
             Was a Priest of Vehumet.
             Killed by the air
             ... invoked by Gastronok
              (18 damage)
             ... on level 3 of the Lair of Beasts.
             The game lasted 00:42:01 (15251 turns).

raph the Frost Mage (Merfolk Ice Elementalist)     Turns: 15251, Time: 00:42:03

Health: -5/86      AC: 13    Str:  9    XL:     12   Next: 4%
Magic:  1/21       EV: 16    Int: 21    God:    Vehumet [***...]
Gold:   510        SH:  0    Dex: 14    Spells: 2/23 levels left

rFire    . . .     SeeInvis .   a - +2 trident
rCold    + + .     Faith    .   (no shield)
rNeg     . . .     Spirit   .   K - +1 robe {rC+}
rPois    +         Reflect  .   f - +1 helmet
rElec    .         Harm     .   k - +0 cloak
rCorr    .         Rampage  .   c - +1 pair of gloves
Will     .....                  D - +0 pair of boots
Stlth    ++++......             q - amulet of the acrobat
HPRegen  0.24/turn              s - ring of Mam Juff {+Blink rPois rC+ Int+2}
MPRegen  0.17/turn              F - +4 ring of protection

@: slowed, very slow
A: (nimble swimmer 2), mertail
a: Renounce Religion, Evoke Blink


You were on level 3 of the Lair of Beasts.
You worshipped Vehumet.
Vehumet was most pleased with you.
You visited 2 branches of the dungeon, and saw 11 of its levels.

You collected 631 gold pieces.
You spent 121 gold pieces at shops.

Inventory:

Hand Weapons
 a - a +2 trident (weapon)
 b - a +0 dagger of flaming
 A - a +3 halberd
Missiles
 e - 73 poisoned darts
Armour
 c - a +1 pair of gloves (worn)
 f - a +1 helmet (worn)
 k - a +0 cloak (worn)
 x - a +0 robe
 D - a +0 pair of boots (worn)
 K - a +1 robe of cold resistance (worn)
Magical Staves
 o - a staff of air
Jewellery
 q - an amulet of the acrobat (around neck)
 s - the ring of Mam Juff (left hand) {+Blink rPois rC+ Int+2}
   (You acquired it on level 6 of the Dungeon)

   [ring of poison resistance]

   Int:       It affects your intelligence (+2).
   rC:        It protects you from cold.
   rPois:     It protects you from poison.
   +Blink:    It lets you blink.
 F - a +4 ring of protection (right hand)
 G - a ring of willpower
Wands
 t - a wand of polymorph (8)
 w - a wand of mindburst (2)
 y - a wand of charming (5)
 z - a wand of iceblast (12)
 I - a wand of paralysis (5)
 L - a wand of acid (8)
Scrolls
 h - a scroll of amnesia
 r - 7 scrolls of teleportation
 B - a scroll of fog
 C - a scroll of silence
 H - a scroll of identify
 J - a scroll of torment
Potions
 d - 3 potions of berserk rage
 i - a potion of lignification
 j - a potion of haste
 l - 5 potions of brilliance
 m - a potion of might
 n - a potion of magic {unknown}
 p - 3 potions of flight
 u - a potion of ambrosia {unknown}
 v - a potion of degeneration {unknown}
 E - a potion of attraction


   Skills:
 + Level 5.2 Fighting
 - Level 0.5 Short Blades
 * Level 9.8 Polearms
 + Level 8.3 Dodging
 + Level 7.4 Stealth
 + Level 6.3 Spellcasting
 * Level 6.8 Conjurations
 * Level 11.1 Ice Magic
 + Level 4.3 Evocations


You had 2 spell levels left.
You knew the following spells:

 Your Spells              Type           Power      Damage    Failure   Level
a - Freeze                Ice            100%       1d11      1%          1
b - Frozen Ramparts       Ice            100%       1d12      1%          3
c - Ozocubu's Armour      Ice            52%        N/A       1%          3
d - Hailstorm             Conj/Ice       44%        3d10      1%          4
e - Shock                 Conj/Air       80%        1d8       1%          1
f - Magic Dart            Conj           100%       1d8       1%          1
g - Passwall              Tmut/Erth      5%         N/A       14%         2
h - Poisonous Vapours     Pois/Air       12%        N/A       4%          2
i - Fulminant Prism       Conj/Hex       10%        3d9       7%          4

Your spell library contained the following spells:

 Spells                   Type           Power      Damage    Failure   Level
 Static Discharge         Conj/Air       20%        N/A       1%          2
 Sandblast                Erth           12%        2d6       2%          1
 Lightning Bolt           Conj/Air       10%        1d23      17%         5
 Airstrike                Air            3%         N/A       24%         4
 Lee's Rapid Deconstruct  Erth           3%         3d6*      54%         5
 Summon Lightning Spire   Summ/Air       6%         N/A       67%         4
 Maxwell's Capacitive Co  Air            3%         ∞         100%        8


Dungeon Overview and Level Annotations

Branches:
Dungeon (8/15)             Temple (0/1) D:4            Lair (3/6) D:8
 Shoals (0/4) Lair:3        Snake (0/4) Lair:2

Altars:
Ashenzari
Fedhas
Hepliaklqana
Kikubaaqudgha
Okawaru
Qazlal
Ru
Vehumet
Wu Jian
Xom
Zin

Shops:
D:4 [   D:6 *   D:7 (

Annotations:
D:6 Grinder
Lair:1 2 transporters
Lair:2 exclusion: oklob plant, Nergalle
Lair:3 Gastronok, Snorg


Innate Abilities, Weirdness & Mutations

((You are quick and stealthy near water. (Stealth+, EV+, Speed+++)))
Your lower body shifts to a powerful aquatic tail in water.


Message History

Your fulminant prism crackles loudly.
Your fulminant prism explodes!
You hear a shout!
You feel much better.
Casting: Fulminant Prism (dangerous; 7% risk of failure)
Confirm with . or Enter, or press ? or * to list all spells.
Aiming: Fulminant Prism (dangerous; 7% risk of failure)
Press: ? - help, Dir - move target You conjure a prism of explosive energy!
A fulminant prism comes into view.
Gastronok casts a spell at you.
You feel yourself slow down.
Casting: Fulminant Prism (dangerous; 7% risk of failure)
Confirm with . or Enter, or press ? or * to list all spells.
You can't see any susceptible monsters within range! (Use Z to cast anyway.)
Casting: Fulminant Prism (dangerous; 7% risk of failure)
Confirm with . or Enter, or press ? or * to list all spells.
Aiming: Magic Dart (safe; 1% risk of failure)
Press: ? - help, Shift-Dir - straight line, f - Gastronok
Aim: Gastronok, wearing the +3 hat of Pondering {ponderous, Will+ MP+10 Int+5} (severely wounded, ally target, 100% to hit)
The magic dart hits Gastronok.
Gastronok is severely wounded.
Your fulminant prism crackles loudly.
Aiming: Iceblast
Press: ? - help, Shift-Dir - straight line, p - Gastronok The mass of ice explodes!
The iceblast engulfs Gastronok.
Gastronok is severely wounded.
Your fulminant prism explodes!
The blast of energy engulfs Gastronok!
Gastronok is severely wounded.
Gastronok waves his eye-stalks in wide circles.
The air twists around and strikes you!!
* * * LOW HITPOINT WARNING * * *
Aiming: Iceblast
Press: ? - help, Shift-Dir - straight line The mass of ice explodes!
The iceblast engulfs Gastronok!
Gastronok is almost dead.
Gastronok waves his eye-stalks in wide circles.
The air twists around and strikes you!!
You die...

#...#.....#....................#.
##..##....#............P.......##
#...#............#.............##
##.........P.....#.##.###......##
#....##.###.......##..P#......##
#..####..##...................#.
##....}......$.............÷...##
#................................
##...........w..@................
#......>........#.P##.###........
##...............###### #....###.
#..............P##.### #....####
#.##.#...............###....##..
#...##.#..#.....##...........##..
P...#..÷..#.....###...##.....##..
##.##.....#......##...###....##..
#.P#...........####.## #....#...


You could see Gastronok.

Vanquished Creatures
  Rupert (Lair:3)
  Pikel (D:6)
  2 black mambas
  2 cane toads
  3 komodo dragons
  A rime drake (Lair:1)
  Sigmund (D:5)
  A wyvern (Lair:3)
  A wraith (D:6)
  5 humans (D:8)
  11 yaks
  2 steam dragons (D:5)
  2 nagas (Lair:2)
  Edmund (D:6)
  Menkaure (D:7)
  An acid dragon (D:6)
  8 water moccasins
  2 orc warriors
  5 black bears
  3 sky beasts
  2 necrophages
  2 ogres
  4 wolves (Lair:3)
  7 centaurs
  2 kobold brigands
  9 bullfrogs
  3 scorpions
  9 wights
  A howler monkey (D:7)
  2 hounds
  2 jellies
  An orc priest (D:7)
  Crazy Yiuf (D:2)
  A bullfrog skeleton (D:6)
  Jessica (D:3)
  2 iguanas
  4 orc wizards
  A killer bee zombie (D:8)
  2 hound skeletons
  A mummy (D:5)
  5 gnolls
  8 adders
  A white imp (D:5)
  An ufetubus (D:4)
  A worm (D:2)
  A dart slug (D:1)
  14 orcs
  5 bats
  4 endoplasms
  A giant cockroach (D:4)
  6 goblins
  9 hobgoblins
  7 jackals
  18 kobolds
  2 quokkas
  4 ball pythons
  14 frilled lizards
  3 rats
215 creatures vanquished.

Vanquished Creatures (others)
  4 fulminant prisms (Lair:3)
  80 fungi
  49 plants
133 creatures vanquished.

Grand Total: 348 creatures vanquished

Notes
Turn   | Place    | Note
-------+----------+-------------------------------------------
     0 | D:1      | raph the Merfolk Ice Elementalist began the quest for the
                  | Orb.
     0 | D:1      | Reached XP level 1. HP: 13/13 MP: 3/3
   220 | D:1      | Reached XP level 2. HP: 19/19 MP: 1/5
   510 | D:1      | Reached skill level 5 in Ice Magic
   625 | D:1      | Reached XP level 3. HP: 12/24 MP: 1/6
   629 | D:1      | Learned a level 3 spell: Frozen Ramparts
   819 | D:1      | Found a faded altar of an unknown god.
  1739 | D:2      | Reached XP level 4. HP: 30/30 MP: 5/7
  1847 | D:2      | Found a runed translucent door.
  1848 | D:2      | Noticed Crazy Yiuf
  1855 | D:2      | Learned a level 3 spell: Ozocubu's Armour
  1860 | D:2      | Killed Crazy Yiuf
  2577 | D:3      | Reached XP level 5. HP: 35/36 MP: 6/8
  2625 | D:3      | Reached skill level 6 in Ice Magic
  2664 | D:3      | Found a radiant altar of Vehumet.
  2681 | D:3      | Noticed Jessica
  2689 | D:3      | Killed Jessica
  2735 | D:3      | Became a worshipper of Vehumet
  2922 | D:3      | Found a sacrificial altar of Ru.
  2987 | D:3      | Found a blossoming altar of Fedhas.
  3038 | D:3      | Noticed an ogre
  3044 | D:3      | Killed an ogre
  3045 | D:3      | Reached XP level 6. HP: 15/42 MP: 0/10
  3050 | D:3      | Learned a level 4 spell: Hailstorm
  3476 | D:3      | Found a hazy altar of Hepliaklqana.
  3762 | D:4      | Found Falute's Antique Armour Boutique.
  3877 | D:4      | Found a staircase to the Ecumenical Temple.
  3880 | D:4      | Noticed a necrophage
  3906 | D:4      | Killed a necrophage
  3907 | D:4      | Reached skill level 1 in Conjurations
  4170 | D:4      | Reached skill level 7 in Ice Magic
  4170 | D:4      | Reached XP level 7. HP: 35/47 MP: 8/12
  4349 | D:4      | Found an iron altar of Okawaru.
  4676 | D:4      | Reached * piety under Vehumet
  4676 | D:4      | Offered knowledge of Shock by Vehumet.
  4794 | D:5      | Entered Level 5 of the Dungeon
  4871 | D:5      | Noticed Sigmund
  4881 | D:5      | Killed Sigmund
  5196 | D:5      | Reached XP level 8. HP: 39/53 MP: 5/14
  5343 | D:5      | Found a sand-covered staircase.
  5630 | D:5      | Reached skill level 8 in Ice Magic
  5644 | D:5      | Reached skill level 5 in Dodging
  5898 | D:6      | Found an ornate altar of the Wu Jian Council.
  5919 | D:6      | Found Zin's Purification Station.
  6158 | D:6      | Noticed Grinder
  6277 | D:7      | Reached skill level 1 in Polearms
  6355 | D:6      | Reached skill level 1 in Fighting
  6608 | D:6      | Reached XP level 9. HP: 31/59 MP: 2/15
  6610 | D:6      | Learned a level 1 spell: Shock
  7039 | D:6      | Found a stormy altar of Qazlal.
  7044 | D:6      | Identified a scroll of acquirement
  7044 | D:6      | Acquired the ring of Mam Juff {+Blink rPois rC+ Int+2}
  7184 | D:6      | Found a glowing silver altar of Zin.
  7255 | D:4      | Bought a helmet for 121 gold pieces
  7352 | D:6      | Noticed Edmund
  7360 | D:6      | Killed Edmund
  7361 | D:6      | Reached skill level 5 in Stealth
  8001 | D:6      | Noticed Pikel
  8010 | D:6      | Killed Pikel
  8011 | D:6      | Reached skill level 9 in Ice Magic
  8011 | D:6      | Reached skill level 1 in Evocations
  8862 | D:7      | Found Ysagg's Weapon Shop.
  9029 | D:7      | Found an ancient bone altar of Kikubaaqudgha.
  9059 | D:7      | Reached skill level 5 in Polearms
  9109 | D:7      | Reached skill level 5 in Spellcasting
  9145 | D:7      | Noticed Menkaure
  9156 | D:7      | Killed Menkaure
  9235 | D:7      | Found a shimmering altar of Xom.
  9241 | D:7      | Reached XP level 10. HP: 69/69 MP: 5/17
  9243 | D:7      | Offered knowledge of Magic Dart by Vehumet.
  9250 | D:7      | Learned a level 1 spell: Magic Dart
  9494 | D:7      | Reached ** piety under Vehumet
  9968 | D:8      | Reached skill level 5 in Conjurations
 10190 | D:8      | Found a staircase to the Lair.
 10291 | D:8      | Learned a level 2 spell: Passwall
 10457 | D:8      | Identified the +7 chain mail of Ilyewus {rPois}
 10614 | D:8      | Found a broken altar of Ashenzari.
 10832 | D:8      | Reached skill level 10 in Ice Magic
 11199 | Lair:1   | Entered Level 1 of the Lair of Beasts
 11503 | Lair:1   | Noticed a cane toad
 11513 | Lair:1   | Killed a cane toad
 11687 | Lair:1   | Offered knowledge of Poisonous Vapours by Vehumet.
 11698 | Lair:1   | Learned a level 2 spell: Poisonous Vapours
 11798 | Lair:1   | Reached XP level 11. HP: 72/77 MP: 13/19
 12051 | Lair:1   | Found a transporter.
 12051 | Lair:1   | Noticed a boulder beetle
 12052 | Lair:1   | Found a transporter.
 12904 | Lair:2   | Noticed Nergalle
 13038 | Lair:2   | Found a staircase to the Snake Pit.
 13129 | Lair:2   | Noticed an oklob plant
 13420 | Lair:1   | Reached *** piety under Vehumet
 13711 | Lair:3   | Noticed Rupert
 13793 | Lair:3   | Paralysed by Rupert for 3 turns
 13805 | Lair:3   | Paralysed by Rupert for 4 turns
 13826 | Lair:3   | Killed Rupert
 13827 | Lair:3   | Reached skill level 5 in Fighting
 13975 | Lair:3   | Found a staircase to the Shoals.
 13987 | Lair:3   | Reached skill level 11 in Ice Magic
 14099 | Lair:3   | Offered knowledge of Fulminant Prism by Vehumet.
 14352 | Lair:3   | Learned a level 4 spell: Fulminant Prism
 14363 | Lair:3   | Noticed Snorg
 14823 | Lair:3   | Reached XP level 12. HP: 77/86 MP: 19/21
 15215 | Lair:3   | Noticed Gastronok
 15251 | Lair:3   | Killed from afar by Gastronok

Illustrated notes

Levels and vault maps discovered:
D:1:      dpeg_arrival_tiny_h, layout_rooms, ebering_ecumenical_altar_hall,
          palyth_stone_intersect, chequers_big_river
D:2:      layout_basic, minmay_misc_feat_chi, uniq_crazy_yiuf_cottage
D:3:      layout_basic, fedhas_ov_isle_minmay, mainiacjoe_overflow_tiny_flanked,
          mainiacjoe_overflow_surrounded_room, nicolae_vehumet_radiance,
          uniq_jessica
D:4:      layout_loops_ring, mainiacjoe_overflow_chevrons,
          minmay_temple_entry_statues_fountains, serial_shops,
          nicolae_shop_statue_plus, minmay_lizard_king
D:5:      kennysheep_steamy, layout_basic, gup_ossuary_entry_pyramid,
          uniq_sigmund
D:6:      minmay_recursive_quarters, layout_basic,
          mainiacjoe_overflow_cross_hatched, grunt_qazlal_sundering, zin_purify,
          hangedman_abyss_or_decor_stagger, uniq_pikel, uniq_blork_the_orc,
          uniq_edmund, uniq_grinder
D:7:      layout_loops_ring, mainiacjoe_overflow_small_starburst,
          mainiacjoe_overflow_24_doors, serial_shops, shop, uniq_menkaure
D:8:      layout_rooms, evilmike_ruin_ashenzari, due_lair_maze_entry_diamond,
          corner_web_ring, minmay_ruffians
Lair:1:   gammafunk_boulding_lane, layout_regular_city, lemuel_fruit_fields
Lair:2:   layout_roguey, minmay_snake_entry_guardpost_small, uniq_nergalle
Lair:3:   layout_regular_city, minmay_shoals_entry_centaurs, uniq_snorg,
          uniq_rupert, uniq_gastronok

Skill      XL: |  1  2  3  4  5  6  7  8  9 10 11 |
---------------+----------------------------------+-----
Dodging        | 3 4 5 6 7 8 |  8.3
Ice Magic      | 5 6 7 8 9 10 11 | 11.1
Spellcasting   | 3 4 5 6 |  6.3
Stealth        | 3 4 5 6 7 |  7.4
Conjurations   | 1 2 3 4 5 6 |  6.8
Polearms       | 2 5 7 9 |  9.8
Fighting       | 1 2 4 5 |  5.2
Evocations     | 1 3 4 |  4.3
Short Blades   | |  0.5

Action                   |  1- 3 |  4- 6 |  7- 9 | 10-12 || total
-------------------------+-------+-------+-------+-------++-------
Melee: Dagger            |    28 |    81 |    30 |       ||   139
       Trident           |       |       |    83 |   233 ||   316
 Cast: Freeze            |    37 |    15 |    12 |    21 ||    85
       Frozen Ramparts   |       |    24 |    29 |    39 ||    92
       Ozocubu's Armour  |       |     5 |    13 |    10 ||    28
       Hailstorm         |       |       |    21 |    17 ||    38
       Shock             |       |       |     5 |       ||     5
       Magic Dart        |       |       |       |    27 ||    27
       Passwall          |       |       |       |     1 ||     1
       Fulminant Prism   |       |       |       |     4 ||     4
 Abil: Evoke Blink       |       |       |     5 |     8 ||    13
Evoke: Wand              |       |       |       |     4 ||     4
  Use: Scroll            |     1 |     8 |     7 |     7 ||    23
       Potion            |       |       |     3 |     6 ||     9
 Stab: Sleeping          |     2 |     1 |     4 |     5 ||    12
       Distracted        |     1 |       |       |       ||     1
Armor: Robe              |    11 |    22 |    56 |    64 ||   153
Dodge: Dodged            |    28 |    66 |   127 |   187 ||   408
